 Dungeon Crawl Stone Soup version 0.22.1-1-ga44c0e5 (webtiles) character file.

772 Fang the Chopper (level 7, -7/44 HPs)
             Began as a Gargoyle Berserker on Sept 20, 2018.
             Was a Priest of Trog.
             Mangled by Edmund
             ... wielding a +4 dire flail of protection
              (12 damage)
             ... on level 4 of the Dungeon.
             The game lasted 00:03:33 (4006 turns).

Fang the Chopper (Gargoyle Berserker)               Turns: 4006, Time: 00:03:34

Health: -7/44      AC:  0    Str: 22    XL:     7   Next: 83%
Magic:  7/7        EV: 21    Int:  8    God:    Trog [***...]
Gold:   205        SH:  0    Dex: 14    Spells: 6/6 levels left

rFire    . . .     SeeInvis .   (weapon currently unavailable)
rCold    . . .     Gourm    .   (shield currently unavailable)
rNeg     + . .     Faith    .   (armour currently unavailable)
rPois    ∞         Spirit   .   (helmet currently unavailable)
rElec    .         Reflect  .   (cloak currently unavailable)
rCorr    .         Harm     .   (gloves currently unavailable)
MR       .....                  (boots currently unavailable)
Stlth    ++........             (no amulet)
HPRegen  0.14/turn              (ring currently unavailable)
MPRegen  0.10/turn              (ring currently unavailable)

@: bat-form (expiring), berserk cooldown, flying, slowed, quick
A: tiny, negative energy resistance 1, petrification resistance, rot immunity,
AC +4
a: Berserk, Trog's Hand, Renounce Religion


You were on level 4 of the Dungeon.
You worshipped Trog.
Trog was most pleased with you.
You were not hungry.
You were in bat-form.
You visited 1 branch of the dungeon, and saw 4 of its levels.

You collected 205 gold pieces.

Inventory:

Hand Weapons
 a - a +0 hand axe (melded)
Armour
 b - a +0 animal skin (melded)
Wands
 g - a wand of flame (6)
 k - a wand of acid (9)
Scrolls
 e - a scroll of enchant weapon {unknown}
 f - a scroll of noise {unknown}
 h - a scroll of identify {unknown}
 i - a scroll of remove curse {unknown}
Potions
 d - 4 potions of curing {unknown}
Comestibles
 c - 8 rations


   Skills:
 + Level 5.3 Fighting
 + Level 6.1 Axes
 + Level 2.5 Armour
 + Level 3.5 Dodging
 + Level 1.8 Stealth


You had 6 spell levels left.
You didn't know any spells.
Your spell library was empty.

Dungeon Overview and Level Annotations

Branches:
Dungeon (4/15)
 Temple: D:4-7

Altars:

Annotations:
D:4 Edmund


Innate Abilities, Weirdness & Mutations

You are resistant to torment.
((Your stone body is resilient. (AC +4)))
You are immune to poison.
You resist negative energy. (rN+)
((You are resistant to electric shocks. (rElec)))
((You can survive without breathing.))
You are immune to petrification.
You are immune to rotting.


Message History

Edmund misses you.
You hit Edmund but do no damage.
Edmund is almost dead.
Edmund completely misses you.
Edmund hits you with a dire flail of protection!
* * * LOW HITPOINT WARNING * * *
You closely miss Edmund.
Edmund is almost dead.
Edmund zaps a wand.
You hit Edmund but do no damage.
Edmund is almost dead.
Edmund zaps a wand.
You resist with some effort.
You hit Edmund but do no damage.
Edmund is almost dead.
Your transformation is almost over.
Edmund completely misses you.
You hit Edmund but do no damage.
Edmund is almost dead.
Edmund hits you with a dire flail of protection!
You die...

#..# #.# # # # #..# #.#
# #. .# #..###.# #
#.### .# #......####
....###.# #..........
.. .......# #...#####..
.$.##.....# #..##).(##.
.......@#.##
#..#..≈..#.
#...b...###..#.≈≈≈.#.
#.##...#.....#.≈≈≈.#.
...###.###....#.≈≈≈.#.
.........#.....#..≈..#.
#.......#.###..##...##.
..######### #...#...#..
#...##.##.. #....#.#...
#..........


You could see Edmund.

Vanquished Creatures
  Sigmund (D:3)
  A sky beast (D:4)
  A phantom (D:4)
  A centaur (D:4)
  An ogre (D:2)
  A crimson imp (D:4)
  An orc wizard (D:4)
  8 adders
  3 gnolls (D:3)
  A white imp (D:4)
  An ooze (D:2)
  13 dart slugs
  2 leopard geckos (D:2)
  2 orcs (D:4)
  4 giant cockroaches
  8 goblins
  12 hobgoblins
  3 jackals (D:2)
  4 quokkas (D:3)
  A ball python (D:3)
  10 bats
  5 frilled lizards
  13 kobolds
  6 rats
103 creatures vanquished.

Notes
Turn   | Place    | Note
-------+----------+-------------------------------------------
     0 | D:1      | Fang the Gargoyle Berserker began the quest for the Orb.
     0 | D:1      | Reached XP level 1. HP: 14/14 MP: 1/1
   343 | D:1      | Reached XP level 2. HP: 10/19 MP: 2/2
   540 | D:1      | Reached skill level 3 in Axes
   649 | D:1      | Reached XP level 3. HP: 22/24 MP: 3/3
  1297 | D:2      | Noticed an ogre
  1302 | D:2      | Killed an ogre
  1302 | D:2      | Reached XP level 4. HP: 21/29 MP: 4/4
  1302 | D:2      | Reached XP level 5. HP: 24/33 MP: 5/5
  1317 | D:2      | Reached ** piety under Trog
  1515 | D:2      | Reached skill level 4 in Axes
  2356 | D:3      | Reached XP level 6. HP: 26/39 MP: 6/6
  2569 | D:3      | Reached *** piety under Trog
  2676 | D:3      | Reached skill level 1 in Stealth
  2898 | D:3      | Noticed Sigmund
  2913 | D:3      | Killed Sigmund
  2913 | D:3      | Reached skill level 5 in Axes
  2913 | D:3      | Reached XP level 7. HP: 44/44 MP: 7/7
  3333 | D:4      | Reached skill level 5 in Fighting
  3461 | D:4      | Reached skill level 6 in Axes
  3976 | D:4      | Noticed Edmund
  4006 | D:4      | Mangled by Edmund

Skill      XL: |  1  2  3  4  5  6  7 |
---------------+----------------------+-----
Axes           | 3 4 5 6 |  6.1
Dodging        | 2 3 |  3.5
Fighting       | 4 5 |  5.3
Stealth        | 1 |  1.8
Armour         | |  2.5

Action                   |  1- 3 |  4- 6 |  7- 9 || total
-------------------------+-------+-------+-------++-------
Melee: Hand axe          |   113 |   175 |    79 ||   367
       Unarmed           |       |       |    23 ||    23
Invok: Berserk           |     2 |     2 |     3 ||     7
 Stab: Sleeping          |     1 |     1 |       ||     2
  Eat: Chunk             |     2 |     7 |     4 ||    13
       Ration            |       |       |     1 ||     1
Armor: Animal skin       |    33 |    59 |    29 ||   121
Dodge: Dodged            |    65 |   141 |    53 ||   259
